 Dungeon Crawl Stone Soup version 0.28-a0-845-gfc338a8e3c (webtiles) character file.

Game seed: 16046130990304002676

0 croobank the Sneak (level 1, -1/10 HPs)
             Began as a Felid Delver on Nov 12, 2021.
             Slain by an orc priest (4 damage)
             ... on level 3 of the Dungeon.
             The game lasted 00:01:20 (42 turns).

croobank the Sneak (Felid Delver)                     Turns: 42, Time: 00:01:20

Health: -1/10      AC:  1    Str:  8    XL:     1   Next: 0%
Magic:  2/2        EV: 17    Int: 11    God:
Gold:   15         SH:  0    Dex: 17    Spells: 0/0 levels left
                                        Lives:  0   Deaths: 0

rFire   . . .      SeeInvis +     - Unarmed
rCold   . . .      Faith    .   (shield unavailable)
rNeg    . . .      Spirit   .   (armour unavailable)
rPois   .          Reflect  .   (helmet unavailable)
rElec   .          Harm     .   (cloak unavailable)
rCorr   .          Rampage  .   (gloves unavailable)
Will    .....                   (boots unavailable)
Stlth   +++.......              (no amulet)
HPRegen 0.03/turn               (no ring)
MPRegen 0.08/turn               (no ring)

@: quick
A: very small, claws 1, fangs 3, see invisible, speed 1, shaggy fur 1, stealthy
paws, no weapons or thrown items, no armour, multi-lived
a: no special abilities


You were on level 3 of the Dungeon.
You visited 1 branch of the dungeon, and saw 3 of its levels.

You collected 15 gold pieces.

Inventory:

Wands
 e - a wand of digging (3)
Scrolls
 b - a scroll of magic mapping
Potions
 d - a potion of haste


   Skills:
 + Level 3.0 Fighting
 + Level 2.6 Dodging
 + Level 6.6 Stealth
 + Level 2.0 Unarmed Combat


You couldn't memorise any spells.
You didn't know any spells.
Your spell library was empty.

Dungeon Overview and Level Annotations

Branches:
Dungeon (5/15)
 Temple: D:4-7

Altars:


Innate Abilities, Weirdness & Mutations

You have sharp claws.
You have razor-sharp teeth.
You have supernaturally acute eyesight. (SInv)
You cover ground quickly. (Speed+)
You are covered in fur. (AC +1)
Your paws help you pounce on unaware monsters.
You are incapable of wielding weapons or throwing items.
You cannot wear armour.
You gain extra lives every three experience levels.


Message History

An iguana comes into view.
The iguana hisses angrily.
The iguana hisses menacingly.
There is a stone staircase leading up here.
You climb upwards.
Found a murky purple potion.
Found a stone staircase leading up.
There is a stone staircase leading down here.
A giant cockroach comes into view.
The orc shouts!
Found 15 gold pieces.
You see here a murky purple potion.
f - a murky purple potion You see here 15 gold pieces.
You now have 15 gold pieces.
The orc closely misses you. The giant cockroach misses you.
The orc hits you with a +2 hand axe of flaming.
Ouch! That really hurt!
The orc burns you.
* * * LOW HITPOINT WARNING * * *
The giant cockroach misses you.
As you read the scroll of fear, it crumbles to dust.
You assume a fearsome visage.
The giant cockroach looks frightened!
The orc looks frightened!
The orc almost stumbles in trying to escape.
There is a stone staircase leading up here.
You climb upwards.
The orc shouts! x2; The orc priest shouts!
The orc shouts!
Found 9 gold pieces.
There is a stone staircase leading down here.
It was a potion of heal wounds.
You feel much better. The orc hits you with a +0 falchion!
Ouch! That really hurt!
* * * LOW HITPOINT WARNING * * *
The orc priest completely misses you. The orc barely misses you.
As you read the scroll of fog, it crumbles to dust.
The scroll dissolves into smoke.
The orc completely misses you. The orc closely misses you.
The orc priest hits you with a +2 trident of venom.
You die... #### #o@# #ooo# #+o## ##

You could see an orc priest and 4 orcs.

Vanquished Creatures (others)
  A plant (D:5)
1 creature vanquished.

Notes
Turn   | Place    | Note
-------+----------+-------------------------------------------
     0 | D:5      | croobank the Felid Delver began the quest for the Orb.
     0 | D:5      | Reached XP level 1. HP: 10/10 MP: 2/2
     2 | D:5      | Noticed an iguana
    40 | D:3      | Noticed an orc priest
    42 | D:3      | Slain by an orc priest

Illustrated notes

Levels and vault maps discovered:
D:3:      layout_basic, lightli_temple_of_fire, xom_butterflies,
          shapermc_ecumenical_altar_flowoftime, eino_tiny_chamber,
          grunt_ministairs_6, grunt_decor_resistance
D:4:      layout_gridville, nzn_wu_jian_contemplation, minitemple
D:5:      layout_loops_ring, palyth_temple_overflow_mages, lemuel_tele_altar,
          minmay_temple_entry_overgrown, minmay_misc_feat_columns,
          minmay_gold_behind_fungi, lemuel_old_faithful, uniq_ijyb

Action                   || total
-------------------------++-------
  Use: Scroll            ||     2
       Potion            ||     1
Dodge: Dodged            ||     7

Table legend: (Time is in decaauts)
 A = Elapsed time spent in this place.
 B = Non-inter-level travel time spent in this place.
 C = Inter-level travel time spent in this place.
 D = Time resting spent in this place.
 E = Time spent auto-exploring this place.
 F = Levels seen in this place.
 G = Mean time per level.
                   A        B        C        D        E       F      G
               +--------+--------+--------+--------+--------+-----+--------+
         Total |     34 |     34 |      0 |      0 |      0 |   3 |   11.3 |
       Dungeon |     34 |     34 |      0 |      0 |      0 |   3 |   11.3 |
               +--------+--------+--------+--------+--------+-----+--------+

Top non-repeatable levels by time:
     D:4: 23 daAuts
     D:5: 9 daAuts
     D:3: 1 daAuts
